AoeStats
← CTC boohoodman

Arena

510225135Analyzed
2v2 RM · 15h ago on Sep 30, 2026· 24m 21s· 4 players
Game mode
Random Map
Map size
Medium (4 player)
Population
200
Speed
Normal
Resources
Standard
Victory
Conquest
Starting age
Dark Age
Ending age
Imperial Age
RankedLock teamsTeams togetherTeam positionsShared explorationLock speedFull tech treeHidden civsTurbo modeCheats
Victory
Defeat
🇺🇸 Malay · United States
1108
+11
🇺🇸 Malians · United States
1097
+12
🇨🇱 Portuguese · Chile
1012
-12
🇺🇸 Danes · United States
990
-11
toolbanana-man
5:24 Loom
10:33 Feudal Age
16:35 Castle Age
15:41 Double-Bit Axe
15:41 Horse Collar
16:11 Scale Mail Armor
20:18 Squires
20:14 Fletching
21:31 Pikeman
GxNNER_CL
10:05 Feudal Age
13:16 Loom
16:43 Castle Age
CTC boohoodman
10:55 Feudal Age
14:25 Castle Age
12:53 Loom
15:27 Gold Mining
27:02 Imperial Age
27:09 Imperial Age
KeenWallaby
11:50 Feudal Age
16:37 Castle Age
14:26 Loom
14:48 Horse Collar
14:57 Double-Bit Axe
17:31 Gold Mining
23:59 Town Watch
Connection lost

Rejoining the realm…

Still unreachable

The connection could not be restored.

Session expired

The server has moved on; the page needs a fresh start.